 Dungeon Crawl Stone Soup version 0.26.1-11-gd32895ea62 (webtiles) character file.

Game seed: 3565051462168968245

108 Meless the Shield-Bearer (level 5, -5/41 HPs)
             Began as a Human Fighter on June 19, 2021.
             Was an Initiate of Okawaru.
             Killed from afar by an electric eel (13 damage)
             ... with a bolt of electricity
             ... on level 3 of the Dungeon.
             The game lasted 00:05:39 (2954 turns).

Meless the Shield-Bearer (Human Fighter)            Turns: 2954, Time: 00:05:40

Health: -5/41      AC:  6    Str: 17    XL:     5   Next: 12%
Magic:  5/5        EV:  7    Int:  8    God:    Okawaru [......]
Gold:   103        SH:  9    Dex: 13    Spells: 4/4 levels left

rFire    . . .     SeeInvis .   a - +0 flail
rCold    . . .     Faith    .   c - +0 kite shield
rNeg     . . .     Spirit   .   b - +0 scale mail
rPois    .         Reflect  .   (no helmet)
rElec    .         Harm     .   (no cloak)
rCorr    .         Rampage  .   (no gloves)
Will     .....                  (no boots)
Stlth    ..........             (no amulet)
HPRegen  0.13/turn              l - ring of flight
MPRegen  0.09/turn              (no ring)

@: no status effects
A: no striking features
a: Renounce Religion, Evoke Flight


You were on level 3 of the Dungeon.
You worshipped Okawaru.
Okawaru was noncommittal.
You visited 1 branch of the dungeon, and saw 3 of its levels.

You collected 103 gold pieces.

Inventory:

Hand Weapons
 a - a +0 flail (weapon)
Armour
 b - a +0 scale mail (worn)
 c - a +0 kite shield (worn)
Jewellery
 l - a ring of flight (left hand)
Wands
 q - a wand of flame (13)
Scrolls
 f - a scroll of amnesia {unknown}
 i - 3 scrolls of blinking {unknown}
 k - a scroll of enchant armour {unknown}
 m - a scroll of teleportation {unknown}
 n - a scroll of identify {unknown}
Potions
 d - a potion of might
 e - a potion of attraction {unknown}
 g - 2 potions of degeneration {unknown}
 h - a potion of flight {unknown}
 j - 2 potions of cancellation {unknown}
 o - a potion of haste {unknown}
 p - a potion of invisibility {unknown}


   Skills:
 + Level 3.4 Fighting
 + Level 2.9 Maces & Flails
 + Level 3.5 Armour
 + Level 0.6 Dodging
 + Level 1.0 Stealth
 + Level 3.7 Shields


You had 4 spell levels left.
You didn't know any spells.
Your spell library was empty.

Dungeon Overview and Level Annotations

Branches:
Dungeon (3/15)

Altars:
Gozag
Nemelex Xobeh
Okawaru
Uskayaw

Annotations:
D:3 1 transporter


Message History

There is a transporter here.
You enter the transporter and appear at another place.
q - a wand of flame (13)
There is a transporter landing site here.
You can't go down here!
You open the door.
An electric eel is nearby!
The electric eel shoots out a bolt of lightning at you!
The bolt of electricity hits you! x2
There is an open door here.
The electric eel shoots out a bolt of lightning at you!
The bolt of electricity hits you!
* * * LOW HITPOINT WARNING * * *
The bolt of electricity hits the electric eel.
The electric eel completely resists.
The bolt of electricity hits the electric eel.
The electric eel completely resists.
The electric eel shoots out a bolt of lightning at you!
The bolt of electricity hits you!
You die...

...###....#####.##############
..................>....###...#
......#...#####........#...#.####
....#.#...##############<###...).
....#.#####).................####
....#.# #.###############...#
....#.# ##.#8P#;;≈≈≈≈≈#P8#.#.#
###.#.# ##..#..#..≈P≈P≈#..#...#
###.#.###..©#©.'@.≈♣≈≈≈+$©#©..#
..#....##...#..#..≈≈P≈P#..#..##
#.#.##.#..#.#8P#;≈≈≈≈≈≈#P8#.##
#.#.........###############.#
#.#..#.#....................#
#.#......####################
.....#.#........#
#...............#
#<..#...........#


You could see 3 electric eels.

Vanquished Creatures
  3 adders (D:2)
  An ooze (D:3)
  A worm (D:2)
  3 dart slugs
  2 leopard geckos
  A ball python (D:3)
  7 bats
  3 giant cockroaches
  8 goblins
  11 hobgoblins
  3 jackals (D:1)
  10 kobolds
  A quokka (D:3)
  3 frilled lizards
  6 rats
63 creatures vanquished.

Notes
Turn   | Place    | Note
-------+----------+-------------------------------------------
     0 | D:1      | Meless the Human Fighter began the quest for the Orb.
     0 | D:1      | Reached XP level 1. HP: 18/18 MP: 1/1
   297 | D:1      | Reached XP level 2. HP: 22/24 MP: 2/2
   449 | D:1      | Reached XP level 3. HP: 19/29 MP: 3/3
   995 | D:2      | Found a hide-covered altar of Uskayaw.
  1375 | D:2      | Reached XP level 4. HP: 35/35 MP: 4/4
  1812 | D:2      | Found a sparkling altar of Nemelex Xobeh.
  1812 | D:2      | Found an iron altar of Okawaru.
  1812 | D:2      | Found an opulent altar of Gozag.
  1834 | D:2      | Became a worshipper of Warmaster Okawaru
  2143 | D:3      | Found a transporter.
  2483 | D:3      | Reached XP level 5. HP: 38/41 MP: 5/5
  2673 | D:3      | Reached skill level 1 in Stealth
  2760 | D:3      | Found a transporter.
  2954 | D:3      | Killed from afar by an electric eel

Illustrated notes

Levels and vault maps discovered:
D:1:      dpeg_arrival_chambers_temple_mockup, layout_basic
D:2:      layout_basic, nicolae_overflow_crystal_walls,
          gammafunk_temple_overflow_claw
D:3:      gammafunk_steamed_eel, layout_basic,
          grunt_temple_overflow_forces_of_nature, serial_glass, glass_columns_b,
          glass_columns_a, glass_columns_a, glass_columns_c, glass_columns_b,
          glass_columns_b, glass_columns_b, glass_columns_a, glass_columns_c,
          glass_columns_a, corexii_corridor_pit

Skill      XL: |  1  2  3  4  5 |
---------------+----------------+-----
Stealth        | 1 |  1.0
Fighting       | |  3.4
Maces & Flails | |  2.9
Armour         | |  3.5
Dodging        | |  0.6
Shields        | |  3.7

Action                   |  1- 3 |  4- 6 || total
-------------------------+-------+-------++-------
Melee: Flail             |    86 |   153 ||   239
Armor: Scale mail        |    26 |    74 ||   100
Dodge: Dodged            |    26 |    62 ||    88
Block: Kite shield       |    43 |    83 ||   126
